 Dungeon Sprint DCSS version 0.21-a0-229-g3587535 (webtiles) character file.

615 terra52 the Basher (level 7, -5/112 HPs)
             Began as a Minotaur Chaos Knight on Sept 1, 2017.
             Slain by a chaos spawn (15 damage)
             ... summoned by a kobold demonologist
             ... while paralysed by a floating eye
             ... in the Dungeon (Sprint I: "Red Sonja").
             The game lasted 00:02:05 (767 turns).

terra52 the Basher (Minotaur Chaos Knight)           Turns: 767, Time: 00:02:06

Health: -5/112     AC:  5    Str: 21    XL:     7   Next: 21%
Magic:  6/6        EV:  2    Int:  9    God:    Xom [....*.]
Gold:   405        SH:  0    Dex: 12    Spells: 6/6 levels left

rFire    . . .     SeeInvis .   a - +0 mace (chaos)
rCold    . . .     Gourm    .   (no shield)
rNeg     . . .     Faith    .   b - +2 leather armour
rPois    .         Spirit   .   (helmet restricted)
rElec    .         Reflect  .   (no cloak)
rCorr    .         Harm     .   (no gloves)
MR       .....     NoTele   +   (no boots)
Stlth    ..........             (no amulet)
HPRegen  0.28/turn              (no ring)
MPRegen  0.10/turn              (no ring)

@: paralysed, berserking
A: retaliatory headbutt, horns 2
a: Renounce Religion


You were in the Dungeon.
You worshipped Xom.
You were a beloved toy of Xom.
You were not hungry.

You visited 1 branch You collected 405 gold pieces.

Inventory:

Hand Weapons
 a - a +0 mace of chaos (weapon)
Armour
 b - a +2 leather armour (worn)
 j - a +1 leather armour of fire resistance
Scrolls
 i - a scroll of blinking
Potions
 d - a potion of curing
 e - a potion of heal wounds
 f - a potion of haste
 g - 2 potions of magic
Comestibles
 c - a bread ration
 k - 6 chunks of flesh


   Skills:
 + Level 11.7 Fighting
 + Level 13.2 Maces & Flails
 + Level 6.2 Armour
 + Level 3.3 Dodging


You had 6 spell levels left.
You didn't know any spells.

Dungeon Overview and Level Annotations

Branches:
Dungeon (1/1)

Altars:
Cheibriados
Dithmenos
Elyvilon
Fedhas
Gozag
Hepliaklqana
Kikubaaqudgha
Makhleb
Nemelex Xobeh
Okawaru
Qazlal
Ru
Sif Muna
Trog
Uskayaw
Vehumet
Wu Jian
Xom
Yredelemnul
Zin
The Shining One
Jiyva
Lugonu

Shops:
D =


Innate Abilities, Weirdness & Mutations

You reflexively headbutt those who attack you in melee.
You have a pair of horns on your head.


Message History

The kobold demonologist hits you but does no damage.
The kobold demonologist hits you with a dagger.
The ynoxinul gestures.
The floating eye gazes piercingly through you!
You suddenly lose the ability to move!
The chaos spawn hits you but does no damage.
The kobold demonologist hits you with a dagger.
The kobold demonologist covers its eyes.
The kobold demonologist hits you with a dagger.
The chaos spawn hits you!
* * * LOW HITPOINT WARNING * * *
The chaos spawn freezes you!
* * * LOW HITPOINT WARNING * * *
The kobold demonologist hits you but does no damage.
The chaos spawn hits you.
* * * LOW HITPOINT WARNING * * *
The kobold demonologist hits you but does no damage.
The chaos spawn gores you!
You die...
Xom cackles wildly!

######################
..)..#.)'..#__#4.K3..#
..#..'..#..+..'K@#
####'#####'#__####
###..#...#)####
__####..##)# c
_____##'#_.+
_.∩...'..._# c
_..__##_.#+#
_____###+# ######


You could see 2 kobold demonologists, a ynoxinul and a chaos spawn.

Vanquished Creatures
  A slime creature (D)
  Sigmund (D)
  A yak (D)
  An ogre (D)
  A jelly (D)
  Ijyb (D)
6 creatures vanquished.

Vanquished Creatures (others)
  A gargoyle (D)
1 creature vanquished.

Grand Total: 7 creatures vanquished

Notes
Turn   | Place    | Note
-------+----------+-------------------------------------------
     0 | D        | terra52 the Minotaur Chaos Knight began the quest for the Orb.
     0 | D        | Reached XP level 1. HP: 19/19 MP: 0/0
     1 | D        | Noticed Ijyb
    14 | D        | Killed Ijyb
    14 | D        | Reached skill level 5 in Fighting
    14 | D        | Reached skill level 6 in Maces & Flails
    14 | D        | Reached XP level 2. HP: 22/29 MP: 1/1
    38 | D        | Noticed an ogre
    44 | D        | XOM: butterfly on damage
    45 | D        | Killed an ogre
    45 | D        | Reached skill level 8 in Maces & Flails
    45 | D        | Reached XP level 3. HP: 14/40 MP: 2/2
    45 | D        | Reached XP level 4. HP: 17/48 MP: 3/3
   245 | D        | Noticed Sigmund
   254 | D        | Killed Sigmund
   254 | D        | Reached skill level 11 in Maces & Flails
   254 | D        | Reached skill level 5 in Armour
   254 | D        | Reached XP level 5. HP: 24/58 MP: 4/4
   363 | D        | XOM: divination: detect creatures
   416 | D        | Killed a gargoyle
   443 | D        | Found a deep blue altar of Sif Muna.
   444 | D        | Found an ornate altar of the Wu Jian Council.
   445 | D        | Found a radiant altar of Vehumet.
   451 | D        | Reached skill level 10 in Fighting
   451 | D        | Reached XP level 6. HP: 55/66 MP: 5/5
   503 | D        | Found Humowk's Jewellery Emporium.
   503 | D        | Found an ancient bone altar of Kikubaaqudgha.
   503 | D        | Found a hazy altar of Hepliaklqana.
   503 | D        | Found a stormy altar of Qazlal.
   503 | D        | Found a hide-covered altar of Uskayaw.
   503 | D        | Found a blossoming altar of Fedhas.
   503 | D        | Found a bloodstained altar of Trog.
   503 | D        | Found an iron altar of Okawaru.
   503 | D        | Found a basalt altar of Yredelemnul.
   503 | D        | Found a glowing golden altar of the Shining One.
   503 | D        | Found a snail-covered altar of Cheibriados.
   503 | D        | Found a sacrificial altar of Ru.
   503 | D        | Found a glowing silver altar of Zin.
   503 | D        | Found a shadowy altar of Dithmenos.
   503 | D        | Found a white marble altar of Elyvilon.
   503 | D        | Noticed a yak
   505 | D        | Found an opulent altar of Gozag.
   506 | D        | Found a sparkling altar of Nemelex Xobeh.
   536 | D        | Killed a yak
   536 | D        | Reached skill level 12 in Maces & Flails
   634 | D        | Found a burning altar of Makhleb.
   634 | D        | Found a viscous altar of Jiyva.
   634 | D        | Found a shimmering altar of Xom.
   634 | D        | Found a corrupted altar of Lugonu.
   634 | D        | Noticed a slime creature
   635 | D        | XOM: potion effect (brilliance)
   637 | D        | XOM: smoke on damage
   640 | D        | Killed a slime creature
   640 | D        | Reached skill level 13 in Maces & Flails
   640 | D        | Reached XP level 7. HP: 49/75 MP: 6/6
   663 | D        | XOM: scenery: 1 doors open, 1 doors close
   757 | D        | Noticed a kobold demonologist
   759 | D        | Noticed a kobold demonologist
   761 | D        | Noticed a chaos spawn
   764 | D        | Noticed a ynoxinul
   764 | D        | Paralysed by a floating eye for 4 turns
   767 | D        | Slain by a chaos spawn

Vault maps used:
D:        dungeon_sprint_1

Skill      XL: |  1  2  3  4  5  6 |
---------------+-------------------+-----
Fighting       | 5 7 9 10 11 | 11.7
Maces & Flails | 6 8 11 13 | 13.2
Armour         | 3 5 6 |  6.2
Dodging        | 2 3 |  3.3

Action                   |  1- 3 |  4- 6 |  7- 9 || total
-------------------------+-------+-------+-------++-------
Melee: Mace              |    18 |    23 |     4 ||    45
       Headbutt          |     2 |     6 |     3 ||    11
  Use: Potion            |       |       |     1 ||     1
Armor: Leather armour    |     3 |     4 |     3 ||    10
Dodge: Dodged            |    12 |     4 |       ||    16

Table legend:
 A = Spawn XP
 B = Non-spawn XP
 C = Spawn XP percentage of total XP
 D = Spawn monster count
 E = Non-spawn monster count
 F = Spawn count percentage of total count
 G = Total turns spent on level
                    A         B        C        D         E        F      G
               +---------+---------+-------+---------+---------+-------+---------
         Total |       0 |     879 |   0.0 |       0 |       6 |   0.0 |   767
               +---------+---------+-------+---------+---------+-------+---------
             D |       0 |     879 |   0.0 |       0 |       6 |   0.0 |   767
               +---------+---------+-------+---------+---------+-------+---------
